 Dungeon Crawl Stone Soup version 0.31.0-9-g3a7656b989 (webtiles) character file.

Game seed: 15006559915262102202

627 qw the Shooter (level 7, 0/35 HPs)
             Began as a Spriggan Hunter on Feb 2, 2024.
             Was a Follower of Okawaru.
             Slain by Ijyb
             ... wielding a +0 dagger of speed
              (3 damage)
             ... on level 5 of the Dungeon.
             The game lasted 00:00:13 (3162 turns).

qw the Shooter (Spriggan Hunter)                    Turns: 3162, Time: 00:00:13

Health: 0/35       AC:  2    Str:  7    XL:     7   Next: 23%
Magic:  8/9        EV: 21    Int: 11    God:    Okawaru [*.....]
Gold:   281        SH:  0    Dex: 20    Spells: 6/6 levels left

rFire   + . .        a - +0 shortbow
rCold   . . .        (shield currently unavailable)
rNeg    . . .        c - +0 robe
rPois   .            (helmet restricted)
rElec   .            (no cloak)
rCorr   .            (gloves unavailable)
SInv    +            (boots unavailable)
Will    +....        (no amulet)
Stlth   ++           l - ring of protection from fire
HPRegen 0.25/turn    (no ring)
MPRegen 0.11/turn

%: no passive effects
@: about to teleport, very quick
A: very small, no large weapons, unfitting armour, see invisible, speed 3
a: Renounce Religion, Heroism


You were on level 5 of the Dungeon.
You worshipped Okawaru.
Okawaru was aware of your devotion.
You visited 1 branch of the dungeon, and saw 5 of its levels.

You collected 281 gold pieces.


Innate Abilities, Weirdness & Mutations

You are very small and have problems with some larger weapons.
You are too small for most types of armour.
You have supernaturally acute eyesight. (SInv)
You cover ground extremely quickly. (Speed+++)


   Skills:
 - Level 2.0 Fighting
 - Level 7.1 Ranged Weapons
 + Level 6.5 Dodging
 - Level 1.5 Stealth
 + Level 1.5 Invocations


You had 6 spell levels left.
You didn't know any spells.
Your spell library was empty.

Inventory:

Hand Weapons
 a - a +0 shortbow (weapon)
Armour
 c - a +0 robe (worn)
Jewellery
 k - a ring of fire
 l - a ring of protection from fire (left hand)
Wands
 i - a wand of flame (19)
Scrolls
 f - a scroll of identify
Potions
 d - a potion of heal wounds
 e - 4 potions of curing
 h - 2 potions of enlightenment

Dungeon Overview and Level Annotations

Branches:
Dungeon (5/15)
 Temple: D:4-7

Altars:
Dithmenos
Nemelex Xobeh
Okawaru
Trog
Uskayaw
Yredelemnul

Annotations:
D:3 3 runed translucent doors, qw's ghost, amateur SpHu
D:5 Ijyb


Message History

The ufetubus hits you but does no damage.
Ijyb zaps a wand.
You resist with almost no effort. The howler monkey closely misses you.
An adder comes into view.
3157 ||| RETREEEEATING.
You shoot an arrow. The arrow hits the howler monkey.
The howler monkey is severely wounded.
The ufetubus completely misses you. x2; Ijyb closely misses you.
The ufetubus misses you. The ufetubus completely misses you.
The howler monkey hits you.
3158 ||| RETREEEEATING.
You shoot an arrow. The arrow hits the howler monkey.
The howler monkey is almost dead.
Ijyb barely misses you. The ufetubus barely misses you.
The ufetubus misses you.
The howler monkey hoots and howls with incredible vigour!
Ijyb closely misses you. The ufetubus completely misses you.
The ufetubus misses you.
You hear a bark! x3
3159 ||| RETREEEEATING.
You shoot an arrow. The arrow hits the howler monkey!
You kill the howler monkey!
Okawaru accepts your kill. Ijyb barely misses you.
A scorpion comes into view.
The ufetubus misses you. The ufetubus barely misses you.
Ijyb closely misses you.
3160 ||| RETREEEEATING.
You shoot an arrow.
The arrow barely misses the bombardier beetle.
The ufetubus closely misses you. x2; Ijyb barely misses you.
The ufetubus barely misses you. The ufetubus misses you.
The bombardier beetle bites you.
You shoot an arrow.
The arrow hits the bombardier beetle but does no damage.
Ijyb screams, "I dance on your bones!"
Ijyb hits you with a +0 dagger of speed.
The ufetubus misses you. The ufetubus hits you.
Ijyb hits you with a +0 dagger of speed.
3162 ||| READING scroll of teleportation.
As you read the scroll of teleportation, it crumbles to dust.
You feel strangely unstable. The ufetubus misses you. x2
Ijyb hits you with a +0 dagger of speed.
You die...

.##..#####..#
.....>......
............ #
#........... #.
#........... #.
#...........
#..###...........
#..g@5S..........
##.B.###.........
##..# ##........
#... #....#####
#..# ##.(.####
#..###.....?.#
#..............
#.##..####.....
#.....#####....


You could see Ijyb, a bombardier beetle, an adder and an ufetubus.

Vanquished Creatures
  Prince Ribbit (D:5)
  A howler monkey (D:5)
  A bombardier beetle (D:5)
  An orc priest (D:5)
  4 hounds
  A jelly (D:5)
  A sleepcap (D:4)
  An orc wizard (D:4)
  6 adders
  An ufetubus (D:5)
  A dart slug (D:4)
  12 orcs (D:4)
  6 endoplasms
  5 giant cockroaches
  5 goblins (D:1)
  4 hobgoblins
  A jackal (D:5)
  A quokka (D:5)
  7 ball pythons
  5 bats
  8 frilled lizards
  6 kobolds
  5 rats
84 creatures vanquished.

Notes
Turn   | Place    | Note
-------+----------+-------------------------------------------
     0 | D:1      | qw the Spriggan Hunter began the quest for the Orb.
     0 | D:1      | Reached XP level 1. HP: 10/10 MP: 2/2
     0 | D:1      | 0 ||| qw: Version: 0.3-a-155-g5e7d8dd
     0 | D:1      | 0 ||| qw: Game counter: 2688
     0 | D:1      | 0 ||| qw: Melee chars always use a shield: true
     0 | D:1      | 0 ||| qw: God list: Okawaru
     0 | D:1      | 0 ||| qw: Allow faded altars: false
     0 | D:1      | 0 ||| qw: Do Orc after clearing Dungeon:15 true
     0 | D:1      | 0 ||| qw: Do second Lair branch before Depths: true
     0 | D:1      | 0 ||| qw: Lair rune preference: random
     0 | D:1      | 0 ||| qw: Goals: Normal
     0 | D:1      | 0 ||| PLANNING D:1-11
    27 | D:1      | Reached skill level 3 in Dodging
    71 | D:1      | Reached XP level 2. HP: 14/14 MP: 3/3
   288 | D:1      | Reached XP level 3. HP: 18/18 MP: 4/4
   370 | D:1      | 370 ||| READING scroll labelled MUSEUPNEANG.
   371 | D:1      | 371 ||| READING scroll labelled LUUGEA ULO VIV.
   376 | D:1      | 376 ||| READING scroll labelled AQUPRU WOQEPS.
   376 | D:1      | 376 ||| IDENTIFYING metallic green potion
   377 | D:1      | 377 ||| READING scroll labelled QATOKHL HEUZ.
   378 | D:1      | 378 ||| DROPPING scroll of butterflies.
   962 | D:2      | 962 ||| READING 2 scrolls of identify.
   962 | D:2      | 962 ||| IDENTIFYING 2 puce potions
   980 | D:3      | Found a runed translucent gate.
   981 | D:3      | Found a runed translucent gate.
   981 | D:3      | Identified the +0 dagger of Zipuh {antimagic, ^Drain rElec
                  | Dex+3}
   981 | D:3      | Identified the +0 chain mail "Ceis" {rPois Will+ Dex+2}
   981 | D:3      | Noticed qw's ghost (amateur SpHu)
   982 | D:3      | Found a runed translucent gate.
  1045 | D:3      | Found a hide-covered altar of Uskayaw.
  1797 | D:3      | 1797 ||| READING 4 scrolls of identify.
  1797 | D:3      | 1797 ||| IDENTIFYING yellow potion
  1798 | D:3      | 1798 ||| READING 3 scrolls of identify.
  1798 | D:3      | 1798 ||| IDENTIFYING lumpy black potion
  1799 | D:3      | 1799 ||| READING 2 scrolls of identify.
  1799 | D:3      | 1799 ||| IDENTIFYING 2 clear potions
  1800 | D:3      | 1800 ||| READING scroll of identify.
  1800 | D:3      | 1800 ||| IDENTIFYING scroll labelled QITTOA QOJAEZ
  1801 | D:3      | 1801 ||| DROPPING scroll of immolation.
  1802 | D:3      | 1802 ||| DROPPING potion of degeneration.
  1803 | D:3      | 1803 ||| DROPPING potion of magic.
  1817 | D:4      | HP: 2/18 [sleepcap (5)]
  1818 | D:4      | 1818 ||| DRINKING 2 potions of heal wounds.
  1823 | D:4      | Reached skill level 5 in Ranged Weapons
  1823 | D:4      | Reached XP level 4. HP: 22/22 MP: 5/5
  1882 | D:4      | 1882 ||| FLEEEEING.
  1883 | D:4      | 1883 ||| FLEEEEING.
  1884 | D:4      | 1884 ||| FLEEEEING.
  1928 | D:4      | Found a basalt altar of Yredelemnul.
  1939 | D:4      | 1939 ||| FLEEEEING.
  1940 | D:4      | 1940 ||| FLEEEEING.
  1941 | D:4      | 1941 ||| FLEEEEING.
  1943 | D:4      | 1943 ||| FLEEEEING.
  1944 | D:4      | 1944 ||| FLEEEEING.
  1945 | D:4      | 1945 ||| FLEEEEING.
  1946 | D:4      | 1946 ||| FLEEEEING.
  1947 | D:4      | 1947 ||| FLEEEEING.
  1948 | D:4      | 1948 ||| FLEEEEING.
  1949 | D:4      | 1949 ||| FLEEEEING.
  2100 | D:4      | Reached XP level 5. HP: 26/26 MP: 6/6
  2239 | D:4      | Found a shadowy altar of Dithmenos.
  2318 | D:4      | Found an iron altar of Okawaru.
  2319 | D:4      | 2319 ||| PLANNING OKAWARU WORSHIP
  2319 | D:4      | 2319 ||| UPGRADING to ring of protection from fire.
  2320 | D:4      | 2320 ||| READING scroll of identify.
  2320 | D:4      | 2320 ||| IDENTIFYING grey potion
  2321 | D:4      | 2321 ||| READING scroll labelled LIROPIA RYNGI.
  2322 | D:4      | 2322 ||| READING scroll labelled GEUGRICV ZOBB.
  2423 | D:4      | 2423 ||| DROPPING potion of lignification.
  2426 | D:4      | Became a worshipper of Warmaster Okawaru
  2427 | D:4      | 2427 ||| PLANNING D:1-11
  2530 | D:5      | Entered Level 5 of the Dungeon
  2530 | D:5      | Found a sparkling altar of Nemelex Xobeh.
  2533 | D:5      | 2533 ||| STAIRDANCE
  2621 | D:5      | 2621 ||| STAIRDANCE
  2744 | D:5      | Reached skill level 6 in Ranged Weapons
  2806 | D:5      | Reached XP level 6. HP: 30/30 MP: 7/7
  2860 | D:5      | Reached skill level 6 in Dodging
  2921 | D:5      | Noticed Prince Ribbit
  2922 | D:5      | 2922 ||| ZAPPING wand of flame (27) at 1,6 (Prince Ribbit;
                  | floor).
  2923 | D:5      | 2923 ||| ZAPPING wand of flame (26) at 1,5 (Prince Ribbit;
                  | floor).
  2925 | D:5      | 2925 ||| ZAPPING wand of flame (25) at 1,6 (Prince Ribbit;
                  | floor).
  2926 | D:5      | 2926 ||| ZAPPING wand of flame (24) at 1,5 (Prince Ribbit;
                  | floor).
  2927 | D:5      | 2927 ||| ZAPPING wand of flame (23) at 0,3 (Prince Ribbit;
                  | floor).
  2928 | D:5      | 2928 ||| ZAPPING wand of flame (22) at 0,2 (Prince Ribbit;
                  | floor).
  2929 | D:5      | 2929 ||| ZAPPING wand of flame (21) at 0,1 (Prince Ribbit;
                  | floor).
  2930 | D:5      | 2930 ||| ZAPPING wand of flame (20) at 0,1 (Prince Ribbit;
                  | floor).
  2930 | D:5      | Killed Prince Ribbit
  2930 | D:5      | Reached * piety under Okawaru
  2931 | D:5      | Reached skill level 7 in Ranged Weapons
  2941 | D:5      | Reached XP level 7. HP: 35/35 MP: 8/8
  2953 | D:5      | Found a bloodstained altar of Trog.
  3030 | D:5      | Reached skill level 1 in Invocations
  3146 | D:5      | Noticed Ijyb
  3153 | D:5      | 3153 ||| RETREEEEATING.
  3155 | D:5      | 3155 ||| RETREEEEATING.
  3156 | D:5      | 3156 ||| RETREEEEATING.
  3157 | D:5      | 3157 ||| RETREEEEATING.
  3158 | D:5      | 3158 ||| RETREEEEATING.
  3159 | D:5      | 3159 ||| RETREEEEATING.
  3160 | D:5      | 3160 ||| RETREEEEATING.
  3161 | D:5      | HP: 8/35 [ufetubus (1)]
  3161 | D:5      | HP: 3/35 [Ijyb/+0 dagger of speed (5)]
  3162 | D:5      | 3162 ||| READING scroll of teleportation.
  3162 | D:5      | Slain by Ijyb

Levels and vault maps discovered:
D:1:      dpeg_arrival_rooms_b, layout_rooms, minmay_misc_feat_enclosed
D:2:      layout_loops_ring
D:3:      layout_basic, mainiacjoe_overflow_catwalk, biasface_ghost_orc_armoury,
          kennysheep_another_room
D:4:      layout_basic, kennysheep_mini, amcnicky_altar_gilded,
          mainiacjoe_overflow_alcove_2
D:5:      layout_rooms, nicolae_elyvilon_temple_path,
          nemelex_xobeh_ov_fountains_minmay,
          mainiacjoe_overflow_concentric_impassable,
          mainiacjoe_overflow_small_starburst, st_stairs_10,
          nrook_pool_corridor, hangedman_decor_growths, uniq_ijyb,
          uniq_prince_ribbit1

Skill      XL: |  1  2  3  4  5  6  7 |
---------------+----------------------+-----
Dodging        | 3 4 5 6 |  6.5
Ranged Weapons | 5 6 7 |  7.1
Fighting       | 2 |  2.0
Invocations    | 1 |  1.5
Stealth        | |  1.5

Action                     |  1- 3 |  4- 6 |  7- 9 || total
---------------------------+-------+-------+-------++-------
   Fire: Shortbow          |    99 |   127 |    34 ||   260
  Evoke: Wand              |       |     8 |       ||     8
    Use: Scroll            |     9 |     3 |     1 ||    13
         Potion            |     1 |       |       ||     1
 Armour: Robe              |     4 |    18 |    13 ||    35
  Dodge: Dodged            |    14 |    69 |    38 ||   121

Table legend:
 A = Non-vault XP
 B = Vault XP
 C = Vault XP percentage of total XP
 D = Non-vault monster count
 E = Vault monster count
 F = Vault count percentage of total count
                 A         B        C        D         E       F
            +---------+---------+-------+---------+---------+-------
      Total |     586 |     311 |  34.7 |      80 |       4 |   4.8
            +---------+---------+-------+---------+---------+-------
        D:1 |      42 |       0 |   0.0 |      25 |       0 |   0.0
        D:2 |      14 |       0 |   0.0 |      10 |       0 |   0.0
        D:3 |      27 |       0 |   0.0 |      12 |       0 |   0.0
        D:4 |     187 |       0 |   0.0 |      23 |       0 |   0.0
        D:5 |     316 |     311 |  49.6 |      10 |       4 |  28.6
            +---------+---------+-------+---------+---------+-------
